 Dungeon Crawl Stone Soup version 0.31-a0-977-gc230f8ef24 (webtiles) character file.

Game seed: 18383403409532935468

9015 Conn the Scribe (level 11, -8/70 HPs)
             Began as an Octopode Fire Elementalist on Oct 28, 2023.
             Was a Priest of Sif Muna.
             Shot with an arrow by a centaur (17 damage)
             ... on level 11 of the Dungeon.
             The game lasted 00:26:09 (12494 turns).

Conn the Scribe (Octopode Fire Elementalist)       Turns: 12494, Time: 00:26:11

Health: -8/70      AC:  3    Str:  9    XL:     11   Next: 39%
Magic:  14/20      EV: 15    Int: 21    God:    Sif Muna [***...]
Gold:   312        SH:  0    Dex: 12    Spells: 1/22 levels left

rFire   + . .        f - +6 dagger (protect)
rCold   . . .        (no shield)
rNeg    . . .        i - +2 hat
rPois   .            C - amulet of faith
rElec   .            o - ring of see invisible
rCorr   .            q - ring of fire
SInv    +            B - ring of protection from cold
Will    .....        (no ring)
Stlth   ++++         (no ring)
HPRegen 0.31/turn    (no ring)
MPRegen 0.17/turn    (no ring)
                     (no ring)

%: faith
@: no status effects
A: almost no armour, amphibious, 8 rings, camouflage 1, gelatinous body 1,
(nimble swimmer 1), tentacles
a: Renounce Religion, Channel Magic, Forget Spell


You were on level 11 of the Dungeon.
You worshipped Sif Muna.
Sif Muna was most pleased with you.
You visited 2 branches of the dungeon, and saw 12 of its levels.
You also visited: Sewer.

You collected 718 gold pieces.
You spent 406 gold pieces at shops.

Inventory:

Hand Weapons
 f - a +6 dagger of protection (weapon)
Missiles
 H - a curare-tipped dart
Armour
 i - a +2 hat (worn)
Magical Staves
 p - a staff of air
Jewellery
 o - a ring of see invisible (left tentacle)
 q - a ring of fire (right tentacle)
 B - a ring of protection from cold (on tentacle)
 C - an amulet of faith (around mantle)
Wands
 k - a wand of polymorph (1)
 v - a wand of digging (6)
 z - a wand of mindburst (15)
 I - a wand of charming (6)
Scrolls
 c - a scroll of vulnerability
 g - 8 scrolls of teleportation
 j - 2 scrolls of fog
 n - a scroll of torment
 u - 3 scrolls of revelation
 w - 3 scrolls of poison
 x - a scroll of blinking
 y - 5 scrolls of enchant armour
 E - a scroll of noise {unknown}
 G - a scroll of silence
 J - 2 scrolls of butterflies {unknown}
Potions
 a - 3 potions of magic
 b - 3 potions of might {unknown}
 d - 2 potions of mutation {unknown}
 e - 6 potions of curing
 h - 2 potions of attraction
 l - 3 potions of lignification
 m - 2 potions of resistance {unknown}
 r - 2 potions of degeneration {unknown}
 s - a potion of heal wounds
 t - a potion of brilliance
 A - a potion of invisibility {unknown}
 D - a potion of berserk rage {unknown}
 F - 2 potions of haste {unknown}


   Skills:
 + Level 4.7 Fighting
 + Level 4.7 Short Blades
 - Level 6.0 Dodging
 - Level 7.0 Stealth
 + Level 6.3 Spellcasting
 + Level 6.4 Conjurations
 * Level 4.3 Hexes
 + Level 7.1 Fire Magic
 * Level 3.4 Ice Magic
 + Level 7.2 Invocations


You had one spell level left.
You knew the following spells:

 Your Spells              Type           Power      Damage    Failure   Level
a - Foxfire               Conj/Fire      100%       2x1d9     1%          1
b - Scorch                Fire           100%       2d9       1%          2
c - Inner Flame           Hex/Fire       46%        N/A       2%          3
d - Flame Wave            Conj/Fire      52%        2d13      6%          4
e - Dazzling Flash        Conj/Hex       58%        N/A       3%          3
f - Hailstorm             Conj/Ice       27%        3d7       3%          3
g - Metabolic Englaciati  Hex/Ice        11%        N/A       47%         5

Your spell library contained the following spells:

 Spells                   Type           Power      Damage    Failure   Level
 Frozen Ramparts          Ice            42%        1d7       7%          3
 Volatile Blastmotes      Fire/Tloc      64%        2d15      7%          3
 Cigotuvi's Dreadful Rot  Necr/Pois/Air  12%        N/A       14%         2
 Summon Ice Beast         Ice/Summ       13%        N/A       43%         4
 Dispel Undead            Necr           6%         3d8       67%         4
 Passage of Golubria      Tloc           6%         N/A       67%         4
 Petrify                  Tmut/Erth      6%         N/A       67%         4
 Silence                  Hex/Air        7%         N/A       71%         5
 Agony                    Necr           6%         N/A       95%         5
 Death Channel            Necr           3%         N/A       100%        6
 Simulacrum               Ice/Necr       6%         N/A       100%        6
 Lehudib's Crystal Spear  Conj/Erth      10%        10d4      100%        8


Dungeon Overview and Level Annotations

Branches:
Dungeon (11/15)            Temple (1/1) D:6            Lair (0/5) D:9
    Orc (0/2) D:11          Sewer (visited)

Altars:
Ashenzari
Cheibriados
Dithmenos
Elyvilon
Fedhas
Gozag
Hepliaklqana
Kikubaaqudgha
Makhleb
Nemelex Xobeh
Okawaru
Qazlal
Ru
Sif Muna
Trog
Uskayaw
Vehumet
Wu Jian
Xom
Yredelemnul
Zin
The Shining One

Shops:
D:4 ?=*   D:6 [!   D:7 *

Annotations:
D:8 2 transporters
D:10 2 transporters, Troll's ghost, journeyman FoFi
D:11 3 runed translucent doors


Innate Abilities, Weirdness & Mutations

You cannot wear most types of armour.
You are amphibious.
You can wear up to eight rings at the same time.
Your skin changes colour to match your surroundings (Stealth+).
Your rubbery body absorbs attacks. (AC +1, EV +1)
((You are camouflaged when in or above water. (Stealth+)))
You have tentacles for arms and can constrict up to eight enemies at once.


Message History

The centaur is engulfed in blazing flames.
You kill the centaur!
Sif Muna accepts your kill.
You can now freely open your mind to new spells.
The shadow is engulfed in blazing flames.
You destroy the shadow!
Sif Muna accepts your kill.
The centaur shoots an arrow.
The arrow closely misses you.
Unknown command.
Unknown command.
Unknown command.
A wave of flame ripples out!
The flame wave engulfs the centaur!
The centaur is severely wounded.
The tree burns like a torch!
You finish channelling waves of flame.
You are engulfed in blazing flames.
You resist.
You hear two shouts!
You hear an angry buzzing noise.
A nearby plant withers and dies.
The centaur wields a +2 orcbow of freezing.
It is covered in frost.
The centaur shoots an arrow.
The arrow hits you! The arrow freezes you.
The centaur wields a +0 shortbow.
The centaur shoots an arrow.
The arrow hits you!
* * * LOW HITPOINT WARNING * * *
The centaur shoots an arrow.
The arrow completely misses you.
The centaur shoots an arrow.
The arrow misses you.
Unknown command.
Unknown command.
Unknown command.
Okay, then.
Unknown command.
Unknown command.
Unknown command.
Unknown command.
Okay, then.
A nearby plant withers and dies.
The centaur is engulfed in blazing flames.
The centaur shoots an arrow.
The arrow hits you!
* * * LOW HITPOINT WARNING * * *
The centaur is engulfed in blazing flames.
The centaur shoots an arrow.
The arrow hits you!
You die...

.####### ..#. .#...#.
#.+WoO+.# ... .#....##
#♣.♣##YCy##....#...#....#
#...##OVz##O#...#.#.....#
#♣...♣#BuW# ....#...#..#..
#.....##+####.##.#.#..#.#.
♣..♣cc♣#.#$.....$......#..
..P.c.§#§##...†.##.#..#.#.
....§c§§§@#.#.#.#....#.#.#
♣.♣c§§§§...#.#..)........
#######################
...... ######


You could see a boulder beetle, a brown ugly thing, an ogre mage, a cyclops, a
yak, a vampire, a wraith, 4 centaurs and an orc wizard.

Vanquished Creatures
  Urug (D:11)
  A gargoyle (D:10)
  5 trolls
  4 shadows
  2 wraiths (D:10)
  A wyvern (D:11)
  7 yaks
  Eustachio (D:4)
  A vampire mosquito (D:10)
  A steam dragon (D:6)
  An acid dragon (D:10)
  5 water moccasins
  A sky beast (D:7)
  A black bear (D:7)
  2 orc warriors
  An ogre (D:7)
  3 centaurs
  3 kobold brigands
  9 bullfrogs
  7 wights
  19 killer bees
  8 howler monkeys
  2 electric eels (D:8)
  2 hounds
  A quasit (D:6)
  3 jellies
  6 orc priests
  Crazy Yiuf (D:7)
  6 orc wizards
  2 sleepcaps
  5 iguanas
  Robin (D:4)
  5 gnolls
  8 adders
  2 river rats (D:5)
  A shadow imp (D:6)
  A white imp (D:6)
  5 ufetubi
  2 worms
  2 dart slugs
  21 orcs
  15 ball pythons
  13 endoplasms
  13 giant cockroaches
  9 hobgoblins
  15 quokkas
  2 bats (D:3)
  13 frilled lizards
  13 goblins
  15 kobolds
  6 rats
274 creatures vanquished.

Vanquished Creatures (collateral kills)
  2 foxfires (D:6)
2 creatures vanquished.

Vanquished Creatures (others)
  A vampire mosquito (D:8)
  581 foxfires
582 creatures vanquished.

Grand Total: 858 creatures vanquished

Notes
Turn   | Place    | Note
-------+----------+-------------------------------------------
     0 | D:1      | Conn the Octopode Fire Elementalist began the quest for the
                  | Orb.
     0 | D:1      | Reached XP level 1. HP: 11/11 MP: 3/3
   113 | D:1      | Reached XP level 2. HP: 17/17 MP: 0/5
  1060 | D:2      | Learned a level 2 spell: Scorch
  1068 | D:2      | Reached XP level 3. HP: 21/21 MP: 6/6
  1072 | D:2      | Learned a level 3 spell: Inner Flame
  1091 | D:2      | Found a faded altar of an unknown god.
  1973 | D:3      | Found a snail-covered altar of Cheibriados.
  2083 | D:3      | Reached XP level 4. HP: 17/27 MP: 0/7
  2200 | D:3      | HP: 1/27 [orc priest/divine providence (14)]
  2357 | D:3      | Reached skill level 1 in Hexes
  2357 | D:3      | Reached XP level 5. HP: 31/31 MP: 2/8
  2659 | D:3      | Found a bloodstained altar of Trog.
  3284 | D:4      | Reached XP level 6. HP: 36/36 MP: 10/10
  3372 | D:4      | Noticed Eustachio
  3380 | D:4      | Killed Eustachio
  3558 | D:4      | Found a stormy altar of Qazlal.
  3559 | D:4      | Noticed Robin
  3578 | D:4      | Reached skill level 5 in Stealth
  3584 | D:4      | Killed Robin
  3585 | D:4      | Reached XP level 7. HP: 23/41 MP: 10/12
  3878 | D:4      | You fall into a shaft and drop 2 floors!
  3966 | D:6      | Found a broken altar of Ashenzari.
  3971 | D:6      | Saw a vision of the Shoals and the Snake Pit.
  3971 | D:6      | Noticed a harpy
  3971 | D:6      | Noticed a naga
  3971 | D:6      | Noticed a skyshark
  3971 | D:6      | Noticed a merfolk
  3971 | D:6      | Noticed a black mamba
  3971 | D:6      | Noticed a skyshark
  3971 | D:6      | Noticed a black mamba
  3971 | D:6      | Noticed a mana viper
  3971 | D:6      | Noticed a merfolk siren
  3971 | D:6      | Noticed a merfolk
  3971 | D:6      | Noticed an anaconda
  3971 | D:6      | Noticed a manticore
  3971 | D:6      | Noticed a black mamba
  3971 | D:6      | Noticed a manticore
  3971 | D:6      | Noticed a merfolk
  3973 | D:6      | Noticed a black mamba
  3973 | D:6      | Noticed a naga mage
  3974 | D:6      | Noticed a snapping turtle
  4189 | D:5      | Entered Level 5 of the Dungeon
  4287 | D:5      | Found a glowing drain.
  4301 | Sewer    | Entered a sewer
  5145 | D:5      | Found a hide-covered altar of Uskayaw.
  5214 | D:5      | Reached XP level 8. HP: 30/46 MP: 10/13
  5405 | D:5      | Found a hazy altar of Hepliaklqana.
  5406 | D:5      | Found an ornate altar of the Wu Jian Council.
  5703 | D:4      | Found Huilihoe's Magic Scroll Boutique.
  5703 | D:4      | Found Enebol's Jewellery Boutique.
  5703 | D:4      | Found Ynwones's General Store.
  5778 | D:4      | Bought a ring of protection from cold for 300 gold pieces
  5996 | D:4      | Bought a scroll of teleportation for 36 gold pieces
  6190 | D:6      | Reached skill level 5 in Fire Magic
  6364 | D:6      | Found Ecoana's Armour Shoppe.
  6382 | D:6      | Found Zidi's Distillery.
  6388 | D:6      | Bought a potion of heal wounds for 70 gold pieces
  6481 | D:6      | Found a staircase to the Ecumenical Temple.
  6488 | Temple   | Entered the Ecumenical Temple
  6499 | Temple   | Became a worshipper of Sif Muna the Loreminder
  6640 | D:6      | Found a radiant altar of Vehumet.
  6677 | D:6      | Found a shadowy altar of Dithmenos.
  6925 | D:6      | Reached skill level 1 in Invocations
  6930 | D:6      | Learned a level 4 spell: Flame Wave
  6934 | D:6      | Learned a level 3 spell: Dazzling Flash
  7038 | D:7      | Found Quoptu Sank's Overcharged Wands.
  7147 | D:7      | Reached XP level 9. HP: 49/52 MP: 15/15
  7153 | D:7      | Reached skill level 1 in Fighting
  7167 | D:7      | Reached skill level 1 in Short Blades
  7228 | D:7      | Found a glowing silver altar of Zin.
  7369 | D:7      | Reached skill level 5 in Dodging
  7510 | D:7      | Learned a level 3 spell: Hailstorm
  7561 | D:7      | Found a glowing golden altar of the Shining One.
  7709 | D:7      | Reached skill level 1 in Ice Magic
  7910 | D:7      | Found a basalt altar of Yredelemnul.
  8130 | D:7      | Reached * piety under Sif Muna
  8134 | D:7      | Reached skill level 5 in Spellcasting
  8320 | D:7      | Found a runed translucent door.
  8321 | D:7      | Noticed Crazy Yiuf
  8328 | D:7      | Killed Crazy Yiuf
  8374 | D:8      | Identified the "Nedateno"
  8374 | D:8      | Identified the "Orpheyv"
  8533 | D:8      | Noticed a cyclops
  8534 | D:8      | Found a transporter.
  8534 | D:8      | Found a transporter.
  8534 | D:8      | Noticed a troll
  8535 | D:8      | Noticed a salamander
  8535 | D:8      | Noticed an efreet
  8541 | D:8      | a salamander changed into a manticore
  8541 | D:8      | Noticed a manticore (shapeshifter)
  8545 | D:8      | a manticore changed into an elephant
  8545 | D:8      | Noticed an elephant (shapeshifter)
  8641 | D:8      | Reached skill level 5 in Conjurations
  8924 | D:8      | Noticed a skyshark
  9172 | D:8      | Reached XP level 10. HP: 36/61 MP: 10/17
  9657 | D:8      | a glass eye changed into a deep troll
  9657 | D:8      | Noticed a deep troll (shapeshifter)
  9665 | D:8      | a deep troll changed into a shock serpent
  9665 | D:8      | Noticed a shock serpent (shapeshifter)
  9739 | D:8      | Found an ancient bone altar of Kikubaaqudgha.
  9819 | D:8      | Noticed a cyclops
  9844 | D:8      | a cyclops changed into a salamander
  9844 | D:8      | Noticed a salamander (shapeshifter)
 10011 | D:9      | Reached skill level 5 in Invocations
 10115 | D:9      | Reached ** piety under Sif Muna
 10182 | D:10     | Identified the "Wunuf"
 10182 | D:10     | Entered Level 10 of the Dungeon
 10489 | D:9      | Found a staircase to the Lair.
 11042 | D:10     | Noticed a gargoyle
 11205 | D:10     | Found a bloodstained altar of Trog.
 11206 | D:10     | Noticed a tengu warrior
 11207 | D:10     | Noticed Troll's ghost (journeyman FoFi)
 11209 | D:10     | Noticed a two-headed ogre
 11213 | D:10     | Found a transporter.
 11216 | D:10     | Found a transporter.
 11216 | D:10     | Noticed a two-headed ogre
 11224 | D:10     | Noticed a moth of wrath
 11361 | D:10     | Reached XP level 11. HP: 69/69 MP: 18/20
 11895 | D:10     | Found a shimmering altar of Xom.
 12215 | D:11     | Identified the "Nyocruev"
 12238 | D:11     | Found a staircase to the Orcish Mines.
 12294 | D:11     | Noticed Urug
 12304 | D:11     | Learned a level 5 spell: Metabolic Englaciation
 12316 | D:11     | Killed Urug
 12476 | D:11     | Noticed a two-headed ogre
 12477 | D:11     | Found a runed translucent door.
 12479 | D:11     | Noticed a boulder beetle
 12480 | D:11     | Found a runed translucent door.
 12480 | D:11     | Noticed a brown ugly thing
 12483 | D:11     | Found a runed translucent door.
 12483 | D:11     | Noticed a cyclops
 12483 | D:11     | Noticed an ogre mage
 12483 | D:11     | Noticed a two-headed ogre
 12483 | D:11     | Noticed a skeletal warrior
 12492 | D:11     | Reached *** piety under Sif Muna
 12494 | D:11     | Shot with an arrow by a centaur

Illustrated notes

Levels and vault maps discovered:
D:1:      evilmike_arrival_crescent, layout_basic
D:2:      layout_basic, shapermc_ecumenical_altar_starsandcircs,
          minmay_strange_pillars
D:3:      layout_loops_corners, mainiacjoe_overflow_small_starburst,
          mainiacjoe_overflow_boulevard
D:4:      layout_rooms, mainiacjoe_overflow_six_doors_small,
          nicolae_shop_distant_corner_stores, uniq_robin, uniq_eustachio
D:5:      layout_rooms, eat_drink_and_be_merry_uskayaw,
          nicolae_overflow_two_pavilions, gup_sewer_entry_bubbles
D:6:      layout_loops_ring, nicolae_dithmenos_the_darkroom,
          grunt_ashenzari_visionary [grunt_ashenzari_visionary_shoals,
          grunt_ashenzari_visionary_snake], mainiacjoe_overflow_alcove_2,
          minmay_temple_entry_fiery, serial_shops,
          nicolae_shop_industrial_runoff, shop, serial_demonic,
          serial_demonic_a, serial_demonic_e, serial_demonic_d,
          serial_demonic_b, dreamdust_princess_bridge
D:7:      layout_cave_pods, marbit_many_paths, mainiacjoe_overflow_paths,
          tso_oasis_becter, minmay_strange_pillars,
          nicolae_shop_overcharged_wands, uniq_crazy_yiuf_cottage
D:8:      gammafunk_sealed_arena, layout_cave_pods, kiku_gazebo_pond_becter,
          minivault_4, roderic_serpentine_path
D:9:      layout_irregular_city, lair_entry_dummy, nicolae_the_louvre
D:10:     layout_long_grid, xom_confusion_cloud,
          gammafunk_ghost_wrathful_warriors, chequers_serial_rivers_room_b,
          minivault_26
D:11:     minmay_the_grid_triangle_9x9_recursive_3_mashed
          [minmay_the_grid_triangle_9x9_sprig,
          minmay_the_grid_triangle_9x9_tough_junction,
          minmay_the_grid_triangle_9x9_thin_v,
          minmay_the_grid_triangle_9x9_prize_top_heavy,
          minmay_the_grid_triangle_9x9_zippers_vertical,
          minmay_the_grid_triangle_9x9_alien,
          minmay_the_grid_triangle_9x9_fully_insulated_deathbox,
          minmay_the_grid_triangle_9x9_shrine,
          minmay_the_grid_triangle_9x9_limited_checkers], layout_basic,
          uniq_urug
Temple:   hellmonk_temple_flake

Skill      XL: |  1  2  3  4  5  6  7  8  9 10 11 |
---------------+----------------------------------+-----
Stealth        | 3 4 5 6 7 |  7.0
Conjurations   | 2 3 4 5 6 |  6.4
Hexes          | 1 2 3 4 |  4.3
Dodging        | 3 4 5 6 |  6.0
Spellcasting   | 3 4 5 6 |  6.3
Fire Magic     | 4 5 6 7 |  7.1
Invocations    | 1 4 6 7 |  7.2
Fighting       | 2 4 |  4.7
Short Blades   | 2 4 |  4.7
Ice Magic      | 3 |  3.4

Action                     |  1- 3 |  4- 6 |  7- 9 | 10-12 || total
---------------------------+-------+-------+-------+-------++-------
  Melee: Unarmed           |     5 |       |       |       ||     5
         Tentacles         |     7 |    11 |    46 |     1 ||    65
         Constrict         |    12 |    15 |    35 |       ||    62
         Dagger            |    50 |    69 |   181 |    13 ||   313
         Punch             |       |       |     2 |       ||     2
   Cast: Foxfire           |    30 |    36 |   168 |   100 ||   334
         Inner Flame       |     2 |     1 |     1 |     9 ||    13
         Scorch            |       |     3 |    36 |    27 ||    66
         Flame Wave        |       |       |     4 |    12 ||    16
         Dazzling Flash    |       |       |       |     1 ||     1
  Evoke: Wand              |       |       |       |     2 ||     2
    Use: Scroll            |     6 |       |     5 |    10 ||    21
         Potion            |       |       |     3 |     3 ||     6
   Stab: Sleeping          |     6 |     5 |    13 |     5 ||    29
 Armour: Skin              |    32 |    47 |   151 |    39 ||   269
  Dodge: Dodged            |    20 |    72 |   191 |    44 ||   327

Table legend: (Time is in decaauts)
 A = Elapsed time spent in this place.
 B = Non-inter-level travel time spent in this place.
 C = Inter-level travel time spent in this place.
 D = Time resting spent in this place.
 E = Time spent auto-exploring this place.
 F = Levels seen in this place.
 G = Mean time per level.
                   A        B        C        D        E       F      G
               +--------+--------+--------+--------+--------+-----+--------+
         Total |  12487 |  12072 |    415 |    312 |   9238 |  13 |  960.5 |
       Dungeon |  11823 |  11408 |    415 |    312 |   8794 |  11 | 1074.8 |
        Temple |     22 |     22 |      0 |      0 |      0 |   1 |   22.0 |
         Sewer |    641 |    641 |      0 |      0 |    444 |   1 |  641.0 |
               +--------+--------+--------+--------+--------+-----+--------+

Top non-repeatable levels by time:
     D:8: 1468 daAuts
    D:10: 1459 daAuts
     D:7: 1375 daAuts
     D:3: 1344 daAuts
     D:6: 1192 daAuts
     D:1: 1055 daAuts
     D:4: 954 daAuts
     D:9: 911 daAuts
     D:5: 906 daAuts
     D:2: 877 daAuts
   Sewer: 641 daAuts
    D:11: 278 daAuts
  Temple: 22 daAuts
